 Dungeon Crawl Stone Soup version 0.27.1-2-g3b301248ec (webtiles) character file.

Game seed: 16334704266882251453

1575 Rickety the Conjurer (level 8, 0/60 HPs)
             Began as a Gnoll Conjurer on Sept 28, 2021.
             Slain by an orc warrior (11 damage)
             ... on level 5 of the Dungeon.
             The game lasted 00:10:01 (4837 turns).

Rickety the Conjurer (Gnoll Conjurer)               Turns: 4837, Time: 00:10:02

Health: 0/60       AC:  7    Str:  6    XL:     8   Next: 91%
Magic:  19/26      EV: 13    Int: 20    God:
Gold:   276        SH:  0    Dex: 11    Spells: 13/19 levels left

rFire    . . .     SeeInvis .   d - +1 dagger (venom)
rCold    . . .     Faith    .   (no shield)
rNeg     . . .     Spirit   .   a - +0 robe
rPois    .         Reflect  .   (no helmet)
rElec    .         Harm     .   (no cloak)
rCorr    .         Rampage  .   (no gloves)
Will     .....                  r - +0 pair of boots
Stlth    +++.......             (no amulet)
HPRegen  0.20/turn              l - +4 ring of protection
MPRegen  0.20/turn              p - ring of magical power

@: no status effects
A: fangs 1, strong nose, distributed training
a: no special abilities


You were on level 5 of the Dungeon.
You visited 1 branch of the dungeon, and saw 6 of its levels.

You collected 276 gold pieces.

Inventory:

Hand Weapons
 d - a +1 dagger of venom (weapon)
 o - a +3 dagger
Missiles
 s - 5 poisoned darts
Armour
 a - a +0 robe (worn)
 r - a +0 pair of boots (worn)
Jewellery
 l - a +4 ring of protection (left hand)
 p - a ring of magical power (right hand)
 w - a ring of protection from fire
Scrolls
 b - a scroll of blinking {unknown}
 e - 2 scrolls of enchant armour {unknown}
 g - a scroll of enchant weapon {unknown}
 i - 2 scrolls of fear {unknown}
 j - a scroll of holy word {unknown}
 k - 2 scrolls of fog {unknown}
 m - 4 scrolls of identify {unknown}
 n - 2 scrolls of immolation {unknown}
 u - a scroll of silence {unknown}
 v - a scroll of magic mapping {unknown}
Potions
 c - 3 potions of haste {unknown}
 f - 3 potions of cancellation {unknown}
 h - 8 potions of curing {unknown}
 q - 2 potions of mutation {unknown}
 t - a potion of berserk rage {unknown}
 x - a potion of lignification {unknown}


   Skills:
 + Level 3.6 Fighting
 + Level 3.6 Short Blades
 + Level 3.6 Long Blades
 + Level 3.6 Axes
 + Level 3.6 Maces & Flails
 + Level 3.6 Polearms
 + Level 3.6 Staves
 + Level 3.6 Slings
 + Level 3.6 Bows
 + Level 3.6 Crossbows
 + Level 3.6 Throwing
 + Level 3.6 Armour
 + Level 5.9 Dodging
 + Level 5.6 Stealth
 + Level 3.6 Shields
 + Level 3.6 Unarmed Combat
 + Level 6.2 Spellcasting
 + Level 7.8 Conjurations
 + Level 3.0 Hexes
 + Level 3.0 Summonings
 + Level 3.0 Necromancy
 + Level 3.0 Translocations
 + Level 3.0 Transmutations
 + Level 3.0 Fire Magic
 + Level 3.0 Ice Magic
 + Level 3.0 Air Magic
 + Level 3.0 Earth Magic
 + Level 3.0 Poison Magic
 + Level 4.0 Invocations
 + Level 3.6 Evocations


You had 13 spell levels left.
You knew the following spells:

 Your Spells              Type           Power      Damage    Failure   Level
a - Magic Dart            Conj           100%       1d8       1%          1
d - Dazzling Flash        Conj/Hex       54%        N/A       3%          3
r - Searing Ray           Conj           74%        3d6       1%          2

Your spell library contained the following spells:

 Spells                   Type           Power      Damage    Failure   Level
 Fulminant Prism          Conj/Hex       13%        3d9       11%         4
 Iskenderun's Mystic Bla  Conj/Tloc      27%        2d7       11%         4


Dungeon Overview and Level Annotations

Branches:
Dungeon (6/15)             Temple (0/1) D:4

Altars:
Ashenzari
Dithmenos
Hepliaklqana
Qazlal
Sif Muna
Uskayaw

Shops:
D:3 (


Innate Abilities, Weirdness & Mutations

You have very sharp teeth.
Your uncanny sense of smell can sniff out nearby items.
Your experience applies equally to all skills.


Message History

The orc warrior is poisoned.
The orc priest misses you.
The orc warrior hits you with a +0 halberd.
The orc warrior barely misses you.
Things that are here:
a +0 dagger; a +0 robe
Casting: Searing Ray (safe; 1% risk of failure)
Confirm with . or Enter, or press ? or * to list all spells.
Aiming: Searing Ray (safe; 1% risk of failure)
Press: ? - help, Shift-Dir - straight line, f - orc warrior
Aim: an orc warrior, wielding a +0 halberd and wearing a +0 plate armour (lightly wounded, poisoned, 81% to hit)
The searing ray hits the orc warrior!
The orc warrior is heavily wounded.
The searing ray hits the orc priest!
The orc priest is almost dead. (Press . to maintain the ray.)
The orc warrior hits you from afar with a +0 halberd!
The searing ray hits the orc warrior.
The orc warrior is severely wounded.
The searing ray misses the orc priest.
The orc warrior barely misses you.
The searing ray hits the orc warrior.
The orc warrior is almost dead.
The searing ray hits the orc priest!
You kill the orc priest!
The orc warrior hits you from afar with a +0 halberd.
The searing ray hits the orc warrior.
The orc warrior is almost dead.
You finish channeling your searing ray.
The orc warrior hits you from afar with a +0 halberd!
The orc warrior hits you from afar with a +0 halberd!
* * * LOW HITPOINT WARNING * * *
Casting: Searing Ray (safe; 1% risk of failure)
Confirm with . or Enter, or press ? or * to list all spells.
Aiming: Searing Ray (safe; 1% risk of failure)
Press: ? - help, Shift-Dir - straight line, f/p - orc warrior
Aim: an orc warrior, wielding a +0 halberd and wearing a +0 plate armour (almost dead, poisoned, 81% to hit)
The searing ray hits the orc warrior but does no damage.
The orc warrior is almost dead. (Press . to maintain the ray.)
The orc warrior hits you from afar with a +0 halberd!
You die...

################
#..............#
#.####.#######.#######
#. #.# #........
#.####.# #)####.##
#.)o.@.# #.# #...
#..###.# #.# #.## #..#
#.# #.# #.## #..# #.#
#.# #... #..# #.. ..#
#.#. #..# ### ### #.#.
#!#. #.#. .# # ##.#. #
#..#.


You could see an orc warrior (poisoned).

Vanquished Creatures
  Prince Ribbit (D:5)
  Menkaure (D:5)
  A water moccasin (D:6)
  An ice beast (D:5)
  A black bear (D:3)
  3 ogres
  2 phantoms (D:6)
  A scorpion (D:4)
  A bullfrog zombie (D:6)
  A centaur zombie (D:6)
  An orc priest (D:5)
  2 hounds
  A jelly (D:3)
  A gnoll shaman (D:6)
  An iguana (D:5)
  2 orc wizards (D:5)
  A hound zombie (D:5)
  A hound skeleton (D:4)
  5 gnolls
  5 adders
  An ufetubus (D:4)
  2 worms
  2 dart slugs (D:3)
  13 orcs
  6 endoplasms
  3 giant cockroaches
  10 goblins
  6 hobgoblins
  5 quokkas
  5 ball pythons
  7 bats
  6 frilled lizards
  3 kobolds
  7 rats
109 creatures vanquished.

Vanquished Creatures (others)
  4 fungi (D:6)
  A plant (D:6)
5 creatures vanquished.

Grand Total: 114 creatures vanquished

Notes
Turn   | Place    | Note
-------+----------+-------------------------------------------
     0 | D:1      | Rickety the Gnoll Conjurer began the quest for the Orb.
     0 | D:1      | Reached XP level 1. HP: 13/13 MP: 6/6
    51 | D:1      | Found a faded altar of an unknown god.
   121 | D:1      | Reached XP level 2. HP: 19/19 MP: 2/7
   124 | D:1      | Learned a level 2 spell: Searing Ray
   316 | D:1      | Reached XP level 3. HP: 25/25 MP: 7/9
   320 | D:1      | Learned a level 3 spell: Dazzling Flash
   339 | D:1      | Reached skill level 5 in Spellcasting
   631 | D:1      | Reached skill level 1 in Invocations
  1003 | D:2      | Found a shadowy altar of Dithmenos.
  1372 | D:2      | Reached skill level 1 in Fighting
  1372 | D:2      | Reached skill level 1 in Short Blades
  1372 | D:2      | Reached skill level 1 in Long Blades
  1372 | D:2      | Reached skill level 1 in Axes
  1372 | D:2      | Reached skill level 1 in Maces & Flails
  1372 | D:2      | Reached skill level 1 in Polearms
  1372 | D:2      | Reached skill level 1 in Staves
  1372 | D:2      | Reached skill level 1 in Slings
  1372 | D:2      | Reached skill level 1 in Bows
  1372 | D:2      | Reached skill level 1 in Crossbows
  1372 | D:2      | Reached skill level 1 in Throwing
  1372 | D:2      | Reached skill level 1 in Armour
  1372 | D:2      | Reached skill level 1 in Shields
  1372 | D:2      | Reached skill level 1 in Unarmed Combat
  1372 | D:2      | Reached skill level 1 in Evocations
  1428 | D:2      | Reached XP level 4. HP: 32/32 MP: 8/11
  1621 | D:3      | Found a hazy altar of Hepliaklqana.
  1621 | D:3      | Found a shimmering blue altar of Sif Muna.
  1792 | D:3      | Reached skill level 1 in Hexes
  1792 | D:3      | Reached skill level 1 in Summonings
  1792 | D:3      | Reached skill level 1 in Necromancy
  1792 | D:3      | Reached skill level 1 in Translocations
  1792 | D:3      | Reached skill level 1 in Transmutations
  1792 | D:3      | Reached skill level 1 in Fire Magic
  1792 | D:3      | Reached skill level 1 in Ice Magic
  1792 | D:3      | Reached skill level 1 in Air Magic
  1792 | D:3      | Reached skill level 1 in Earth Magic
  1792 | D:3      | Reached skill level 1 in Poison Magic
  1983 | D:3      | Noticed a black bear
  1990 | D:3      | Killed a black bear
  1991 | D:3      | Reached XP level 5. HP: 37/37 MP: 3/12
  2251 | D:3      | Found a broken altar of Ashenzari.
  2263 | D:3      | Found a stormy altar of Qazlal.
  2282 | D:3      | Reached XP level 6. HP: 44/44 MP: 7/13
  2282 | D:3      | Found Couwytz's Antique Weapon Emporium.
  2696 | D:4      | Reached skill level 5 in Dodging
  3035 | D:4      | Reached XP level 7. HP: 50/50 MP: 11/15
  3038 | D:4      | You fall into a shaft and drop 2 floors!
  3391 | D:6      | Reached skill level 5 in Stealth
  3459 | D:6      | Found a hide-covered altar of Uskayaw.
  3620 | D:6      | Reached XP level 8. HP: 52/57 MP: 1/16
  3769 | D:5      | Entered Level 5 of the Dungeon
  3997 | D:4      | Found a staircase to the Ecumenical Temple.
  4303 | D:5      | Noticed Prince Ribbit
  4313 | D:5      | Killed Prince Ribbit
  4781 | D:5      | Noticed Menkaure
  4784 | D:5      | Killed Menkaure
  4837 | D:5      | Slain by an orc warrior

Illustrated notes

Levels and vault maps discovered:
D:1:      eino_arrival_water_cross, layout_basic,
          shapermc_ecumenical_altar_flowoftime
D:2:      layout_rooms, basic_altar
D:3:      layout_basic, mainiacjoe_overflow_divided_tiny,
          mainiacjoe_overflow_catwalk_spiral, serial_shops, shop_coins,
          minmay_box_of_dots
D:4:      layout_rooms, minmay_temple_entry_from_below_b,
          minmay_misc_feat_ornament, chequers_serial_rivers_marsh, st_stairs_3,
          mrwooster_statue_mirror
D:5:      layout_loops_ring, uniq_crazy_yiuf_cottage, uniq_menkaure,
          uniq_prince_ribbit1
D:6:      kennysheep_steamy, layout_basic, lemuel_doored_altar, led_xom_imps,
          mainiacjoe_overflow_big_doors, minmay_manual_mess

Skill      XL: |  1  2  3  4  5  6  7  8 |
---------------+-------------------------+-----
Spellcasting   | 5 6 |  6.2
Invocations    | 1 2 3 4 |  4.0
Fighting       | 1 2 3 |  3.6
Short Blades   | 1 2 3 |  3.6
Long Blades    | 1 2 3 |  3.6
Axes           | 1 2 3 |  3.6
Maces & Flails | 1 2 3 |  3.6
Polearms       | 1 2 3 |  3.6
Staves         | 1 2 3 |  3.6
Slings         | 1 2 3 |  3.6
Bows           | 1 2 3 |  3.6
Crossbows      | 1 2 3 |  3.6
Throwing       | 1 2 3 |  3.6
Armour         | 1 2 3 |  3.6
Shields        | 1 2 3 |  3.6
Unarmed Combat | 1 2 3 |  3.6
Evocations     | 1 2 3 |  3.6
Hexes          | 1 2 3 |  3.0
Summonings     | 1 2 3 |  3.0
Necromancy     | 1 2 3 |  3.0
Translocations | 1 2 3 |  3.0
Transmutations | 1 2 3 |  3.0
Fire Magic     | 1 2 3 |  3.0
Ice Magic      | 1 2 3 |  3.0
Air Magic      | 1 2 3 |  3.0
Earth Magic    | 1 2 3 |  3.0
Poison Magic   | 1 2 3 |  3.0
Dodging        | 5 |  5.9
Stealth        | 5 |  5.6
Conjurations   | |  7.8

Action                   |  1- 3 |  4- 6 |  7- 9 || total
-------------------------+-------+-------+-------++-------
Melee: Dagger            |       |     7 |     8 ||    15
 Cast: Magic Dart        |    52 |    74 |    35 ||   161
       Searing Ray       |     3 |    11 |    24 ||    38
 Stab: Sleeping          |       |       |     1 ||     1
Armor: Robe              |     2 |     1 |    14 ||    17
Dodge: Dodged            |     2 |     9 |    30 ||    41
